 Dungeon Crawl Stone Soup version 0.28-a0-984-g3775c662fe (webtiles) character file.

Game seed: 6067550437242686011

6 demibob the Twirler (level 1, -2/15 HPs)
             Began as a Demonspawn Wanderer on Dec 3, 2021.
             Slain by a kobold (5 damage)
             ... on level 1 of the Dungeon.
             The game lasted 00:00:34 (146 turns).

demibob the Twirler (Demonspawn Wanderer)            Turns: 146, Time: 00:00:35

Health: -2/15      AC:  2    Str: 14    XL:     1   Next: 75%
Magic:  1/1        EV: 11    Int: 12    God:
Gold:   0          SH:  0    Dex: 11    Spells: 0/0 levels left

rFire   . . .      SeeInvis .   a - +0 quarterstaff
rCold   . . .      Faith    .   (shield currently unavailable)
rNeg    . . .      Spirit   .   e - +0 robe
rPois   .          Reflect  .   (no helmet)
rElec   .          Harm     .   (no cloak)
rCorr   .          Rampage  .   (no gloves)
Will    .....                   (no boots)
Stlth   +.........              (no amulet)
HPRegen 0.05/turn               (no ring)
MPRegen 0.07/turn               (no ring)

@: no status effects
A: no striking features
a: no special abilities


You were on level 1 of the Dungeon.
You visited 1 branch of the dungeon, and saw 1 of its levels.


   Skills:
 - Level 1.0 Fighting
 - Level 1.7 Axes
 + Level 3.9 Staves
 - Level 1.0 Throwing
 - Level 1.0 Armour
 - Level 1.0 Stealth


You couldn't memorise any spells.
You didn't know any spells.
Your spell library was empty.

Inventory:

Hand Weapons
 a - a +0 quarterstaff (weapon)
 c - a +2 dagger
Missiles
 b - a curare-tipped dart (quivered) {=f}
Armour
 e - a +0 robe (worn)
Scrolls
 f - a scroll of fear {unknown}

Dungeon Overview and Level Annotations

Branches:
Dungeon (1/15)

Altars:

######..###.#
..........K#
.........###
##.#........ #.....#
##.##.# #.##.# #.##K#
#. #.# ######.##@#
#..##.# ## #.........#
#...#.. . ...####.##.#
##.#...#.#
#.##.####....#.#.#
#[##......#......
#.##.####...##.####
###.##..............###
.............##.......#
.######.#######...#.#.#


You could see a kobold.


Message History

The endoplasm hits you but does no damage.
It was a potion of cancellation.
You feel magically purged. The hobgoblin hits you.
* * * LOW HITPOINT WARNING * * *
You feel better.
The hobgoblin hits you but does no damage.
You hit the hobgoblin.
You kill the hobgoblin!
The endoplasm hits you.
You hit the endoplasm.
The endoplasm is almost dead.
The endoplasm freezes you.
You are frozen.
* * * LOW HITPOINT WARNING * * *
You are too injured to fight recklessly!
You are too injured to fight recklessly!
You sock the endoplasm!
You kill the endoplasm!
The bat hits you but does no damage. x2
You hit the bat.
You kill the bat!
The kobold barely misses you.
You hit the kobold.
The kobold is severely wounded.
The kobold hits you with a +0 whip.
* * * LOW HITPOINT WARNING * * *
You barely miss the kobold.
The kobold is severely wounded.
The kobold hits you with a +0 whip.
You die...

Action                   || total
-------------------------++-------
Melee: Quarterstaff      ||    14
  Use: Potion            ||     2
 Stab: Sleeping          ||     1
Armor: Robe              ||     6
Dodge: Dodged            ||     6

Levels and vault maps discovered:
D:1:      tarquinn_simple_flora_water_b, layout_loops_ring,
          minmay_misc_feat_enclosed

Notes
Turn   | Place    | Note
-------+----------+-------------------------------------------
     0 | D:1      | demibob the Demonspawn Wanderer began the quest for the
                  | Orb.
     0 | D:1      | demibob set off with the following items: a +2 dagger, a
                  | curare-tipped dart {=f}, a +0 quarterstaff, a potion of
                  | curing {@q1}, a +0 robe
     0 | D:1      | Reached XP level 1. HP: 15/15 MP: 1/1
   146 | D:1      | Slain by a kobold

Vanquished Creatures
  An endoplasm (D:1)
  A hobgoblin (D:1)
  A quokka (D:1)
  A bat (D:1)
  2 rats (D:1)
6 creatures vanquished.

Table legend: (Time is in decaauts)
 A = Elapsed time spent in this place.
 B = Non-inter-level travel time spent in this place.
 C = Inter-level travel time spent in this place.
 D = Time resting spent in this place.
 E = Time spent auto-exploring this place.
 F = Levels seen in this place.
 G = Mean time per level.
                   A        B        C        D        E       F      G
               +--------+--------+--------+--------+--------+-----+--------+
         Total |    147 |    147 |      0 |      0 |    104 |   1 |  147.0 |
       Dungeon |    147 |    147 |      0 |      0 |    104 |   1 |  147.0 |
               +--------+--------+--------+--------+--------+-----+--------+

Top non-repeatable levels by time:
     D:1: 147 daAuts

Table legend:
 A = Non-vault XP
 B = Vault XP
 C = Vault XP percentage of total XP
 D = Non-vault monster count
 E = Vault monster count
 F = Vault count percentage of total count
                 A         B        C        D         E       F
            +---------+---------+-------+---------+---------+-------
      Total |       9 |       0 |   0.0 |       6 |       0 |   0.0
            +---------+---------+-------+---------+---------+-------
        D:1 |       9 |       0 |   0.0 |       6 |       0 |   0.0
            +---------+---------+-------+---------+---------+-------
